[Event "*** MasterClass Titled Tuesday Blitz"]
[Site "Chess.com"]
[Date "2017.08.01"]
[Round "7"]
[White "evgenysharapov"]
[Black "IMcoach"]
[Result "0-1"]
[WhiteElo "2259"]
[BlackElo "2355"]
[TimeControl "180+2"]
[EndTime "14:38:06 PDT"]
[Termination "IMcoach won by resignation"]

1. e4 g6 2. d4 Bg7 3. Nc3 Nc6 4. d5 Nb8 5. Be3 d6 6. Qd2 Nd7 7. O-O-O c6 8. f3 cxd5 9. Nxd5 Ngf6 10. Nxf6+ Nxf6 11.
g4 O-O 12. Kb1 Be6 13. Ne2 Rc8 14. Nd4 Bc4 15. Bh6 Rc5 16. Bxg7 Kxg7 17. h4 Bxf1 18. Rdxf1 Qa5 19. Qxa5 Rxa5 20. c4 Rc5 21. b3 a6 22.
a4 h5 23. g5 Nd7 24. Kb2 Ne5 25. Rd1 Rfc8 26. f4 Ng4 27. Rd2 e5 28. Ne2 Nf2 29. Rf1 Nxe4 30. Rd3 b5 31. Re3 d5 32. cxd5 Rc2+ 33. Ka3 Nd2 34. Rd1 bxa4 35. d6 axb3 36. Rd3 Nc4+ 37. Kxb3 Rb2+ 38. Kc3 Rxe2 39. d7 Rd8 40. Kxc4 exf4 41. Rd6 f3 42. Rf1 Re7 43. Rxf3 Rexd7 44. Rxa6 Rd4+ 45. Kc3 R8d7 46. Rh3 Rg4 47. Rf6 Re7 48. Kd3 Ra4 49. Rhf3 Ra3+ 50. Kd4 Rxf3 51. Rxf3 Ra7 52. Rh3 Ra4+ 53. Ke5 Kf8 54. Rh2 Ke7 55. Rh3 Ra5+ 56. Ke4 Ke6 57. Rh1 Ra4+ 58. Ke3 Ke5 59. Rf1 Rxh4 60. Rxf7 Rg4 61. Kf3 Rxg5 62. Ra7 Rf5+ 63. Kg3 Kf6 64. Ra6+ Kg5 65. Ra3 h4+ 66. Kh3 Kh5 67. Ra8 Rf3+ 68. Kg2 Rg3+ 69. Kh2 g5 70.
Ra4 Rb3 71. Rc4 Kg6 72. Rc6+ Kf5 73. Rc5+ Kg4 74. Rc4+ Kh5 75. Rc5 Rb2+ 76. Kh3 Rb3+ 77. Kh2 Kg6 78. Rc6+ Kf5 79. Rc5+ Kf4 80. Rc4+ Kf3 81.
Kh3 Kf2+ 82. Kh2 Rg3 83. Rc2+ Ke3 84. Rc3+ Kf2 85. Rc2+ Ke1 86. Rc1+ Kd2 87. Rc8 g4 88. Rh8 Rh3+ 89. Kg2 Ke3 90. Re8+ Kf4 91. Rf8+ Kg5 92. Rg8+ Kf5 93. Rf8+ Ke6 94. Re8+ Kf7 95. Re5 Rg3+ 96.
Kh2 Kg6 97. Ra5 Rb3 98. Kg2 h3+ 99. Kh2 Rb2+ 100. Kg3 Rg2+ 101. Kf4 h2 102. Ra6+ Kg7 103. Ra7+ Kf8 104. Rh7 g3 105. Kg5 Rg1 0-1

[Event "*** MasterClass Titled Tuesday Blitz"]
[Site "Chess.com"]
[Date "2017.08.01"]
[Round "7"]
[White "LastHeroJr"]
[Black "Marcus_Harvey"]
[Result "1/2-1/2"]
[WhiteElo "2422"]
[BlackElo "2578"]
[TimeControl "180+2"]
[EndTime "14:38:44 PDT"]
[Termination "Game drawn by agreement"]

1. e4 e6 2. d4 d5 3. Nd2 a6 4. Bd3 c5 5. dxc5 Bxc5 6. Ngf3 Nf6 7. Qe2 Nc6 8. c3 h6 9. O-O Qc7 10. Re1 Ng4 11. Rf1 O-O 12. h3 Nge5 13. Nxe5 Nxe5 14. Bc2 Bd7 15. a4 Bc6 16. Nb3 Bd6 17. Nd4 Rfe8 18.
Nxc6 Qxc6 19. exd5 exd5 20. Qd2 Rad8 21. Qd1 Bc5 22. Qh5 Qf6 23. Bd2 Nc4 24. Be1 Nxb2 25. Rb1 Nc4 26. Bd3 Rxe1 27. Rbxe1 Nd2 28. Qf5 Qxf5 29.
Bxf5 g6 30. Bc2 Nxf1 31. Kxf1 d4 32. Rd1 Kf8 33. Ke2 Re8+ 34. Kf3 dxc3 35. Rd7 Re7 36.
Rd8+ Kg7 37. h4 h5 38. Rd5 b6 39. a5 Rc7 40. axb6 Bxb6 41. Rd6 Rb7 42. Rc6 Bd4 43.
Rxa6 Rb2 44. Be4 Rxf2+ 45. Kg3 Re2 46. Bf3 Re6 47. Rxe6 fxe6 48. Be4 Be5+ 49. Kf3 Kf6 50. g4 hxg4+ 51. Kxg4 Bc7 52. Bc2 Bd8 53. Bb1 Be7 54. Bc2 Ba3 55. Bb1 Bc1 56. Bc2 Bd2 57. Bb1 Be1 58. Bc2 Ke5 59. Bxg6 Kd4 60. Kf3 Bxh4 61. Bc2 e5 62. Bh7 Bf6 63. Bc2 Bg7 64.
Bh7 Bh6 65. Bc2 Be3 66. Bh7 Bg1 67. Bc2 Kd5 68. Bg6 Kc4 69. Bc2 Kb4 70. Ke2 Ka3 71. Be4 Kb2 72. Kd1 Kb3 73. Bc2+ Ka3 74. Be4 Kb4 75. Bc2 Kc4 76. Ke2 Bd4 77. Kd1 Kd5 78. Ke2 e4 79. Bb3+ Ke5 80. Bc2 Bc5 81. Bb3 Kd4 82. Bc2 Be7 83. Bb1 Bg5 84. Bc2 Bh6 85.
Bb1 Bf8 86. Bc2 Bd6 87. Bb1 Bb8 88. Bc2 Bg3 89. Bb1 Bh4 90. Bc2 Bg5 91. Bb1 Bd2 92.
Bc2 e3 93. Bg6 Kc4 94. Bf7+ Kb4 95. Kd3 Ka3 96. Bh5 Kb2 97. Bd1 Kb1 98. Ba4 Kc1 99. Bb3 Kb2 100. Ba4 Ka3 101. Bd1 Kb4 102. Bc2 Kc5 103. Bd1 Kd5 104. Bh5 Ke5 105. Bd1 Kf4 106. Be2 Kg3 107.
Bd1 Kf2 108. Bh5 Ke1 109. Bg4 Kf2 110. Bh5 Kg1 111. Bg4 Kh2 112. Bh5 Kg3 113. Bd1 Kh4 114. Be2 Kg5 115. Bd1 Kf6 116. Be2 Ke5 117. Bd1 Kd6 118. Be2 Kc5 119. Bd1 Kb6 120. Bc2 Kc7 121. Bd1 Kd6 122. Be2 Kc5 123. Bd1 Kb4 124. Be2 Ka3 125. Bd1 Kb2 126. Ba4 Ka2 127. Bd1 Kb1 128. Ba4 Kb2 129. Bd1 Ka3 130. Bc2 Kb4 131. Bd1 Kc5 132. Be2 Kd5 133. Bd1 Kd6 134. Be2 Kc5 135. Bd1 c2 136. Kxc2 1/2-1/2

[Event "*** MasterClass Titled Tuesday Blitz"]
[Site "Chess.com"]
[Date "2017.08.01"]
[Round "7"]
[White "dzhumagaliev"]
[Black "Fins0905"]
[Result "1/2-1/2"]
[WhiteElo "2517"]
[BlackElo "2427"]
[TimeControl "180+2"]
[EndTime "14:41:03 PDT"]
[Termination "Game drawn by agreement"]

1. h4 d5 2. h5 e5 3. c3 c5 4. d3 h6 5. e4 Nf6 6. Nd2 Nc6 7. Be2 Be7 8. Qc2 Be6 9. Nf1 Rc8 10.
Ng3 O-O 11. Nf3 b5 12. O-O Qd7 13. Rd1 Rfd8 14. Re1 Bf8 15. Nh4 d4 16. Nhf5 Ne7 17.
Nxe7+ Bxe7 18. a4 a6 19. axb5 axb5 20. cxd4 cxd4 21. Qd1 b4 22. Bd2 b3 23. Ba5 Re8 24.
Qb1 Qb5 25. Rc1 Nd7 26. Bd2 Ra8 27. Rc7 Qb6 28. Rxa8 Rxa8 29. Qc1 Bf8 30. Nf5 Ra1 31. Qxa1 Qxc7 32. Bd1 Qb7 33. Qa5 Nc5 34. Be2 Bxf5 35. exf5 e4 36. Qd8 exd3 37. Bf3 Qe7 38. Qd5 Qf6 39. Bb4 Qd6 40. Qa8 Qe5 41. Bd2 Nd7 42. Bc6 Nc5 43. Bf3 Qe7 44. Qc8 Qd7 45. Qa8 Qxf5 46.
Qc6 Qe5 47. Qc8 Ne6 48. Bb4 Qf6 49. Bd5 Qd8 50. Bxe6 Qxc8 51. Bxc8 Bxb4 52. Bg4 Bc3 53. Bd1 Bxb2 54. Bxb3 Bc3 55. Bc4 d2 56. Bb3 d3 57. f4 Bd4+ 58. Kh2 Kf8 59. Kg3 f5 60. Kf3 Ke7 61. g4 Kd6 62. gxf5 Kc5 63. Ke4 Kb4 64. Bd1 Kc3 65. Ba4 Bf6 66. Ke3 Bh4 67. Bd1 Bg3 68. Ba4 Kb4 69. Bd1 Kc3 70. Ba4 Bh2 71. Bd1 Bg1+ 72. Ke4 Bf2 73. Ba4 Bb6 74. Bd1 Bc7 75. Ba4 Bb8 76. Bd1 Bc7 77. Ba4 Bd6 78. Bd1 Kb2 79. Kxd3 Bxf4 80. Ke2 Kc1 81. Ba4 Kb2 82. Bd1 Kc3 83. Kf3 Bg5 84. Ke4 Kb2 85. Kd3 Kc1 86. Ke2 Bf4 87. Ba4 Kb2 88. Kf3 Bg5 89. Bd1 Kc3 90. Ke4 Kc4 91. Be2+ Kc5 92. Bd1 Kd6 93. Be2 Ke7 94. Bd1 Bh4 95. Be2 Kf6 96.
Kd3 Be1 97. Ke4 Kg5 98. Bd1 Bg3 99. Be2 Bc7 100. Bd1 Kh4 101. Ke3 Ba5 102. Kf4 Kh3 103. Kf3 Kh2 104. Kf2 Bd8 105. Ke3 Bg5+ 106. Kf2 Be7 107. Ke3 Bb4 108. Kf2 Kh3 109. Kf3 Be7 110. Be2 Bg5 111. Bd1 Kh4 112. Kf2 Be7 113. Ke3 Bb4 114. Kf4 Bd6+ 115. Ke3 Bb4 116. Kf4 Kh3 117. Kf3 Kh4 118. Kf4 Be7 119. Ke3 Bg5+ 120. Kf2 Kh3 121. Kf3 Kh2 122. Kf2 Be7 123. Bg4 Bc5+ 124. Kf1 Kg3 125. Bd1 Kf4 126. Ke2 Bb4 127. f6 gxf6 128. Kd3 f5 129. Ke2 Kg3 130. Ke3 f4+ 131. Ke4 Bc5 132. Bf3 Be3 133. Bd1 Kf2 134. Kd3 f3 135. Ke4 Ke1 136. Bxf3 Bg5 137. Kf5 d1=Q 138. Bxd1 Kxd1 139. Kg4 Ke2 140. Kg3 Kf1 141. Kh2 Kf2 142. Kh1 Kg3 143. Kg1 Kh3 144. Kh1 Bf4 145. Kg1 Kh4 146. Kh1 Kxh5 147. Kg2 Kg4 148. Kh1 h5 1/2-1/2

[Event "*** MasterClass Titled Tuesday Blitz"]
[Site "Chess.com"]
[Date "2017.08.01"]
[Round "8"]
[White "MITerryble"]
[Black "Sebastian"]
[Result "1/2-1/2"]
[WhiteElo "2697"]
[BlackElo "2798"]
[TimeControl "180+2"]
[EndTime "14:45:02 PDT"]
[Termination "Game drawn by agreement"]

1. d4 d5 2. Nf3 Nf6 3. c4 dxc4 4. e3 e6 5. Bxc4 a6 6. O-O c5 7. dxc5 Bxc5 8. Qxd8+ Kxd8 9. Nbd2 Ke7 10. Be2 Bd7 11. a3 Ba7 12. b4 Rd8 13. Bb2 Ba4 14.
Rac1 Nbd7 15. Nc4 Bb5 16. Rfe1 Rac8 17. Kf1 Bxc4 18. Bxc4 1/2-1/2

[Event "*** MasterClass Titled Tuesday Blitz"]
[Site "Chess.com"]
[Date "2017.08.01"]
[Round "8"]
[White "sergiochess83"]
[Black "FairChess_on_YouTube"]
[Result "1-0"]
[WhiteElo "2678"]
[BlackElo "2740"]
[TimeControl "180+2"]
[EndTime "14:45:20 PDT"]
[Termination "sergiochess83 won by resignation"]

1. e4 g6 2. d4 Bg7 3. Nf3 c6 4. Bd3 d6 5. O-O Bg4 6. c3 e6 7. Nbd2 Ne7 8. h3 Bxf3 9. Nxf3 Nd7 10. Re1 O-O 11. Be3 Re8 12. Qd2 a5 13. a4 Rc8 14.
Rad1 d5 15. e5 c5 16. Bb5 cxd4 17. cxd4 Nc6 18. Bh6 Nb6 19. b3 Nd7 20. h4 Nb4 21. h5 Rc2 22. Qf4 Rf8 23. Bxg7 Kxg7 24. Bxd7 Qxd7 25.
h6+ 1-0

[Event "*** MasterClass Titled Tuesday Blitz"]
[Site "Chess.com"]
[Date "2017.08.01"]
[Round "8"]
[White "abubakrtagelsir"]
[Black "kleinebeer98"]
[Result "0-1"]
[WhiteElo "2293"]
[BlackElo "2440"]
[TimeControl "180+2"]
[EndTime "14:46:43 PDT"]
[Termination "kleinebeer98 won by resignation"]

1. e4 e5 2. Nf3 Nc6 3. d4 exd4 4. Bc4 Nf6 5. e5 d5 6. Bb5 Nd7 7. O-O Be7 8. Re1 O-O 9. Bxc6 bxc6 10. Nxd4 Nb8 11. Bf4 c5 12. Nb3 Be6 13. Nc3 c6 14. Ne2 Nd7 15. Ng3 Rb8 16. Rb1 Qb6 17. Bd2 c4 18.
Be3 c5 19. Nc1 d4 20. Bf4 g5 21. Bd2 c3 22. Bxg5 Bxg5 23. Nd3 c4 24. Qh5 Bd2 25.
bxc3 Qxb1 26. Rxb1 Rxb1+ 27. Nf1 cxd3 28. f4 Be3+ 0-1

[Event "*** MasterClass Titled Tuesday Blitz"]
[Site "Chess.com"]
[Date "2017.08.01"]
[Round "8"]
[White "pedroholly22"]
[Black "Vrolijk"]
[Result "0-1"]
[WhiteElo "2294"]
[BlackElo "2502"]
[TimeControl "180+2"]
[EndTime "14:47:06 PDT"]
[Termination "Vrolijk won by checkmate"]

1. d4 Nf6 2. c4 e6 3. Nc3 c5 4. d5 exd5 5. cxd5 d6 6. e4 g6 7.
Bb5+ Bd7 8. Bd3 Bg7 9. f4 O-O 10. Nf3 c4 11. Bc2 b5 12. O-O b4 13. Ne2 Bg4 14. Be3 Re8 15. Bd4 Nxe4 16. Bxg7 Kxg7 17. Qd4+ Qf6 18. Qxc4 Bxf3 19. Rxf3 Nd2 20. Qd3 Nxf3+ 21.
Qxf3 Qxb2 22. Rc1 Rxe2 23. Qxe2 Qxc1+ 24. Kf2 Qxf4+ 25. Ke1 Nd7 26. Bb3 Nc5 27. Qd2 Re8+ 28.
Kd1 Qf1+ 29. Kc2 Re2 30. Qxe2 Qxe2+ 31. Kc1 Nd3+ 32. Kb1 Qb2# 0-1

[Event "*** MasterClass Titled Tuesday Blitz"]
[Site "Chess.com"]
[Date "2017.08.01"]
[Round "8"]
[White "HouseOfDurin"]
[Black "dmjjmd"]
[Result "1-0"]
[WhiteElo "1898"]
[BlackElo "2126"]
[TimeControl "180+2"]
[EndTime "14:47:07 PDT"]
[Termination "HouseOfDurin won by resignation"]

1. d4 Nf6 2. Bg5 d5 3. Bxf6 gxf6 4. c4 c5 5. cxd5 Qxd5 6. Nf3 Nc6 7. Nc3 Qd8 8. d5 Ne5 9. Nxe5 fxe5 10. e4 Bg7 11. Bc4 O-O 12. O-O a6 13. a4 Qd6 14.
a5 Kh8 15. Qb3 Rg8 16. Qb6 Bh6 17. Kh1 Bd7 18. f3 Bf4 19. g3 Be3 20. Rae1 Bd2 21.
Re2 Bxc3 22. bxc3 Rg5 23. Qxd6 exd6 24. f4 Rg7 25. fxe5 Bh3 26. Rf6 dxe5 27. Ref2 Rf8 28. d6 Rg4 29. Bd5 Rg6 30. Rxf7 Rxf7 31. Rxf7 Rxd6 32.
Rxb7 Bg4 33. Rb8+ Kg7 34. Rg8+ Kf6 35. Rxg4 1-0

[Event "*** MasterClass Titled Tuesday Blitz"]
[Site "Chess.com"]
[Date "2017.08.01"]
[Round "8"]
[White "Malev212"]
[Black "HaryKane"]
[Result "1-0"]
[WhiteElo "2492"]
[BlackElo "2290"]
[TimeControl "180+2"]
[EndTime "14:47:19 PDT"]
[Termination "Malev212 won by resignation"]

1. e4 e6 2. d4 d5 3. exd5 exd5 4. Nf3 Bd6 5. Bd3 Bg4 6. h3 Bh5 7. g4 Bg6 8. Bxg6 hxg6 9. Qe2+ Ne7 10. Nc3 c6 11.
Bd2 Nd7 12. Ne5 Qc7 13. f4 O-O-O 14. Nxf7 Bxf4 15. Nxh8 Bg3+ 16. Kd1 Nf6 17. Nf7 Re8 18. Rf1 Bh4 19. Ne5 g5 20. a4 Ng6 21. a5 Nxe5 22. dxe5 Rxe5 23. Qd3 Qd6 24. a6 b6 25. Qd4 c5 26. Nb5 Qe6 27. Nxa7+ Kc7 28. Nb5+ Kc6 29. Qa4 1-0

[Event "*** MasterClass Titled Tuesday Blitz"]
[Site "Chess.com"]
[Date "2017.08.01"]
[Round "8"]
[White "DrHolmes13"]
[Black "vellottiwizard"]
[Result "1-0"]
[WhiteElo "2409"]
[BlackElo "2498"]
[TimeControl "180+2"]
[EndTime "14:47:49 PDT"]
[Termination "DrHolmes13 won by resignation"]

1. d4 Nf6 2. c4 e6 3. Nf3 b6 4. g3 Bb7 5. Bg2 Be7 6. O-O O-O 7.
Nc3 Ne4 8. Qc2 Nxc3 9. Qxc3 d6 10. b3 Nd7 11. Bb2 Bf6 12. Qd2 g6 13. Rfe1 Bg7 14. e4 Qe7 15. d5 Bxb2 16. Qxb2 e5 17. b4 a5 18. a3 f5 19. exf5 gxf5 20. Nd4 axb4 21.
axb4 Rxa1 22. Qxa1 Qf7 23. Ne6 Ra8 24. Qc1 Nf8 25.
Qg5+ Ng6 26. Nd8 Qe7 27. Qxe7 Nxe7 28. Nxb7 Rb8 29. Nxd6 cxd6 30. f4 e4 31. g4 fxg4 32. Bxe4 Kf7 33. Bxh7 b5 34. c5 dxc5 35. d6 1-0

[Event "*** MasterClass Titled Tuesday Blitz"]
[Site "Chess.com"]
[Date "2017.08.01"]
[Round "8"]
[White "djano"]
[Black "Cocovitsch007"]
[Result "1-0"]
[WhiteElo "2308"]
[BlackElo "2200"]
[TimeControl "180+2"]
[EndTime "14:47:51 PDT"]
[Termination "djano won by resignation"]

1. d4 Nf6 2. Bf4 d6 3. Nc3 Nbd7 4. e4 e5 5. Be3 exd4 6. Bxd4 Be7 7. Nf3 O-O 8. Qd2 c6 9. O-O-O b5 10. e5 dxe5 11. Nxe5 Nxe5 12. Bxe5 Qa5 13. Kb1 Be6 14. Nd5 Qd8 15.
Nxe7+ Qxe7 16. Bd6 Qb7 17. Bxf8 Rxf8 18. Bd3 Nd5 19. Be4 Rd8 20. Qa5 Rd7 21. Rhe1 g6 22. Bxd5 cxd5 23. Qc3 b4 24. Qf6 Qc6 25. Rd4 a5 26. f4 Rc7 27. Re2 a4 28. f5 Bxf5 29.
Qxc6 Rxc6 30. Rxb4 a3 31. bxa3 Rc3 32. Kb2 Rc7 33.
a4 Kg7 34. a5 Ra7 35. Ra4 Ra6 36. Kc3 Be6 37. Kd4 Kf6 38. Kc5 h5 39. Kb5 Ra8 40. Ra3 Rb8+ 41. Kc6 Ke7 42. a6 Kd8 43. a7 Ra8 44. Kb7 1-0

[Event "*** MasterClass Titled Tuesday Blitz"]
[Site "Chess.com"]
[Date "2017.08.01"]
[Round "8"]
[White "hermionegrangermagic"]
[Black "attack2mateU"]
[Result "1-0"]
[WhiteElo "2383"]
[BlackElo "2495"]
[TimeControl "180+2"]
[EndTime "14:48:00 PDT"]
[Termination "hermionegrangermagic won by resignation"]

1. e4 c5 2. Nf3 d6 3. d4 cxd4 4. Nxd4 Nf6 5. Nc3 a6 6. a4 e6 7. Be2 Nc6 8. O-O Be7 9. Be3 O-O 10. Kh1 Qc7 11. f4 Bd7 12. Qe1 Nxd4 13. Bxd4 e5 14. fxe5 dxe5 15. Qg3 Bc6 16. Bxe5 Qd8 17. Rad1 Bd7 18. Rxd7 Qxd7 19. Rxf6 Bxf6 20. Bxf6 g6 21. Qg5 Qe6 22. Nd5 1-0

[Event "*** MasterClass Titled Tuesday Blitz"]
[Site "Chess.com"]
[Date "2017.08.01"]
[Round "8"]
[White "renanreis"]
[Black "Rsnr"]
[Result "0-1"]
[WhiteElo "2097"]
[BlackElo "2514"]
[TimeControl "180+2"]
[EndTime "14:48:03 PDT"]
[Termination "Rsnr won by resignation"]

1. d4 d5 2. Bf4 Nf6 3. e3 c5 4. c3 Nc6 5. Nd2 Qb6 6. Qb3 c4 7. Qc2 Nh5 8. Bg5 h6 9. Bh4 g5 10. Be2 Ng7 11. Bg3 Nf5 12. Ngf3 Bg7 13. e4 Nxg3 14.
hxg3 e6 15. exd5 exd5 16. O-O-O Be6 17. Nf1 O-O-O 18. Ne3 Ne7 19. Ne5 Kb8 20. f4 Qc7 21. f5 Bc8 22. Nxf7 Nxf5 23. Nxf5 Qxf7 24. Nxg7 Qxg7 25.
Rdf1 Rhf8 26. g4 Rf4 27. g3 Rf6 28. Rxf6 Qxf6 29. Qh7 Qf2 30. Bd1 Qxg3 31. Qxh6 Qf4+ 32. Kb1 Bxg4 33. Bxg4 Qxg4 34. Qf6 Qe4+ 35. Kc1 Qxh1+ 0-1

[Event "*** MasterClass Titled Tuesday Blitz"]
[Site "Chess.com"]
[Date "2017.08.01"]
[Round "8"]
[White "politeplayer"]
[Black "axlbvRR"]
[Result "1-0"]
[WhiteElo "2209"]
[BlackElo "1964"]
[TimeControl "180+2"]
[EndTime "14:48:04 PDT"]
[Termination "politeplayer won by resignation"]

1. e4 c5 2. d4 cxd4 3. c3 dxc3 4. Nxc3 d6 5. Nf3 Nf6 6. Bc4 g6 7. e5 Nfd7 8. exd6 Bg7 9. Bxf7+ Kxf7 10. Ng5+ Ke8 11. Ne6 Kf7 12. Qf3+ Nf6 13. Nxd8+ Rxd8 14. dxe7 Kxe7 15. Bg5 Bf5 16. Nd5+ Kf7 17. Nxf6 Bxf6 18. Bxf6 Kxf6 19. g4 Nc6 20. gxf5 Nd4 21. Qxb7 Nc2+ 22. Ke2 Nxa1 23. Rxa1 Rac8 24. fxg6 hxg6 25. Rg1 Rc2+ 26. Ke3 Re8+ 27. Kd3 Rce2 28. Qf3+ Kg7 29. Qxe2 Rd8+ 30. Kc2 Rc8+ 31. Kb1 a5 32. Qe7+ Kh6 33. Qf6 Rg8 34. Rg3 1-0

[Event "*** MasterClass Titled Tuesday Blitz"]
[Site "Chess.com"]
[Date "2017.08.01"]
[Round "8"]
[White "silverback96"]
[Black "prochn"]
[Result "0-1"]
[WhiteElo "2125"]
[BlackElo "2293"]
[TimeControl "180+2"]
[EndTime "14:48:14 PDT"]
[Termination "prochn won by checkmate"]

1. d4 d5 2. c4 c6 3. Nf3 Nf6 4. Nc3 dxc4 5. a4 Bf5 6. Ne5 Nbd7 7. Nxc4 Qc7 8. g3 e5 9. dxe5 Nxe5 10. Bf4 Nfd7 11.
Bg2 g5 12. Nxe5 gxf4 13. Nxd7 O-O-O 14. Qd4 Qxd7 15. Qxf4 Bd6 16. Qe3 Rhe8 17. Qxa7 Bb8 18. Qc5 Qd2+ 19. Kf1 Re5 20. Qb6 Bc7 21. Qa7 Rxe2 22.
Bxc6 Bh3+ 23. Bg2 Bxg2+ 24. Kxg2 b6 25. Qa8+ Kd7 26. Rad1 Rxf2+ 27. Kh3 Rxa8 28. Rxd2+ Rxd2 29. b3 Be5 30. Nb5 Rd3 31. Re1 f6 32. Rb1 Rc8 33. Kg4 Rc2 34. b4 Rb2 35. Rc1 Rxb4+ 36. Kf5 Rxa4 37. g4 Rf3# 0-1

[Event "*** MasterClass Titled Tuesday Blitz"]
[Site "Chess.com"]
[Date "2017.08.01"]
[Round "8"]
[White "ka1ser64"]
[Black "stefanodinn"]
[Result "1-0"]
[WhiteElo "2359"]
[BlackElo "2173"]
[TimeControl "180+2"]
[EndTime "14:48:14 PDT"]
[Termination "ka1ser64 won on time"]

1. d4 Nf6 2. c4 e6 3. Nc3 Bb4 4. e3 O-O 5. Ne2 d5 6. a3 Be7 7. Nf4 b6 8. cxd5 Nxd5 9. Ncxd5 exd5 10. Bd3 c6 11. O-O Nd7 12. Bd2 Nf6 13. Rc1 Bb7 14.
Qa4 Re8 15. Rc2 Bd6 16. f3 a6 17. Rfc1 h5 18. Bf5 g6 19. Bd3 c5 20. dxc5 Bxc5 21.
Re1 Qd6 22. Kf1 Re7 23. b4 Bxe3 24. Bxe3 Rae8 25. Rce2 Rxe3 26. Rxe3 Rxe3 27. Rxe3 Qxf4 28. Re7 b5 29. Qc2 1-0

[Event "*** MasterClass Titled Tuesday Blitz"]
[Site "Chess.com"]
[Date "2017.08.01"]
[Round "8"]
[White "nekochabo"]
[Black "Rumpel-VK"]
[Result "0-1"]
[WhiteElo "2538"]
[BlackElo "2488"]
[TimeControl "180+2"]
[EndTime "14:48:19 PDT"]
[Termination "Rumpel-VK won by resignation"]

1. Nf3 d5 2. g3 Bg4 3. Bg2 Nd7 4. O-O e6 5. c4 c6 6. cxd5 exd5 7. d3 Ngf6 8. h3 Bxf3 9. Bxf3 Bc5 10. d4 Bd6 11.
Nc3 O-O 12. h4 Re8 13. Kg2 Ne4 14. h5 f5 15. e3 Qg5 16. Nxe4 fxe4 17. Be2 Rf8 18. Bd2 Rf6 19. Be1 Raf8 20. Rh1 h6 21. Rh3 R8f7 22. a4 Nf8 23. a5 a6 24. Rc1 Nh7 25.
Bg4 Kh8 26. Rc2 Rf3 27. Bxf3 exf3+ 28. Kh2 Nf6 29. Rh4 Qxh4+ 0-1

[Event "*** MasterClass Titled Tuesday Blitz"]
[Site "Chess.com"]
[Date "2017.08.01"]
[Round "8"]
[White "GMMarcinDziuba"]
[Black "XDPS"]
[Result "1-0"]
[WhiteElo "2557"]
[BlackElo "2524"]
[TimeControl "180+2"]
[EndTime "14:48:23 PDT"]
[Termination "GMMarcinDziuba won on time"]

1. d4 d5 2. c4 c6 3. Nf3 Nf6 4. Nc3 e6 5. g3 Nbd7 6. Bg2 dxc4 7. a4 Bb4 8. O-O O-O 9. Qc2 a5 10. Rd1 b6 11. Ne5 Nxe5 12. dxe5 Nd5 13. e4 Qe7 14.
exd5 exd5 15. Bf4 g5 16. Be3 Rb8 17. Qd2 h6 18. f4 g4 19. Qf2 Bf5 20. Ne2 Bc5 21.
Nd4 Bxd4 22. Bxd4 c5 23. Bc3 d4 24. Bd2 Rfd8 25. Qe1 Qe6 26. Be4 Qg6 27. Bxf5 Qxf5 28. Qe2 d3 29. Qe3 Rd4 30. Re1 Qe6 31. Rad1 Qc6 32.
Bc3 Rd5 33. f5 Kh7 34. Rd2 Qxa4 35. Rf1 Re8 36. e6 Qc6 37. Rdf2 b5 38. Bd2 Qc7 39.
Qxh6+ Kg8 40. f6 1-0

[Event "*** MasterClass Titled Tuesday Blitz"]
[Site "Chess.com"]
[Date "2017.08.01"]
[Round "8"]
[White "MartinMatthiesen"]
[Black "Chess64Surfer"]
[Result "1-0"]
[WhiteElo "2224"]
[BlackElo "2044"]
[TimeControl "180+2"]
[EndTime "14:48:39 PDT"]
[Termination "MartinMatthiesen won by resignation"]

1. d4 d6 2. e4 Nf6 3. Nc3 g6 4. Nf3 c6 5. Be2 b5 6. e5 Nfd7 7. Bf4 dxe5 8. Nxe5 Bg7 9. Bf3 Nxe5 10. Bxe5 Bxe5 11. dxe5 O-O 12. Qxd8 Rxd8 13. Nxb5 Na6 14. Bxc6 Rb8 15. c3 Rb6 16. Nxa7 Bf5 17. b4 Bd3 18.
O-O-O Nb8 19. Bb5 Rb7 20. Rxd3 Rxd3 21. Bxd3 Rxa7 22. Kb2 Nc6 23. f4 f6 24. Be4 Nd8 25. Rd1 Ne6 26. Bd5 Kf7 27. g4 fxe5 28. f5 gxf5 29.
gxf5 Kf6 30. fxe6 Ra6 31. b5 Rb6 32. c4 1-0

[Event "*** MasterClass Titled Tuesday Blitz"]
[Site "Chess.com"]
[Date "2017.08.01"]
[Round "8"]
[White "toad"]
[Black "GMKrikor"]
[Result "0-1"]
[WhiteElo "2105"]
[BlackElo "2488"]
[TimeControl "180+2"]
[EndTime "14:48:54 PDT"]
[Termination "GMKrikor won on time"]

1. d4 Nf6 2. c4 e6 3. g3 d5 4. Nf3 Bb4+ 5. Bd2 Be7 6. Bg2 O-O 7. O-O Nbd7 8. Qc2 Ne4 9. Bf4 c6 10.
Nfd2 g5 11. Be3 Nd6 12. f3 Nf5 13. Bf2 Bf6 14. e3 b6 15. cxd5 cxd5 16. Rc1 Ba6 17. Nc3 Bg7 18. Qa4 Bb7 19. Rc2 a6 20. b4 Rc8 21.
Rac1 Nd6 22. Qb3 b5 23. a4 Bc6 24. Bf1 Nc4 25. Bd3 Ndb6 26. a5 Nd7 27. Nf1 Bb7 28.
Re2 f5 29. Qb1 h6 30. Rce1 Qc7 31. Nd1 Qd6 32. Kg2 e5 33. dxe5 Ndxe5 34. Nd2 g4 35. Bxf5 gxf3+ 36. Nxf3 Nxf3 37. Bxc8 Nxe1+ 0-1

[Event "*** MasterClass Titled Tuesday Blitz"]
[Site "Chess.com"]
[Date "2017.08.01"]
[Round "8"]
[White "GrigorGrigorov"]
[Black "Fisher-Human"]
[Result "0-1"]
[WhiteElo "2607"]
[BlackElo "2488"]
[TimeControl "180+2"]
[EndTime "14:48:59 PDT"]
[Termination "Fisher-Human won by resignation"]

1. d4 Nf6 2. c4 g6 3. Nf3 Bg7 4. g3 O-O 5. Bg2 d5 6. cxd5 Nxd5 7. O-O Nb6 8. Nc3 Nc6 9. e3 Re8 10. d5 Na5 11. Nd4 f5 12. b3 e6 13. dxe6 c5 14. Nde2 Bxe6 15. Bb2 c4 16. Nd4 Qd7 17. Nxe6 Qxe6 18. Qe2 cxb3 19. axb3 Nxb3 20. Rad1 Rad8 21. Bxb7 Qc4 22. Qxc4+ Nxc4 23. Bd5+ Rxd5 24. Rxd5 Nxb2 25. Nb5 a5 26. Nc7 Re7 27. Rd8+ Kf7 28. Nd5 Ra7 29. Rb8 a4 30. Re1 Nd3 31. Rd1 Nbc5 32. Nb6 a3 33. Nc8 Ra6 34. Nb6 a2 0-1

[Event "*** MasterClass Titled Tuesday Blitz"]
[Site "Chess.com"]
[Date "2017.08.01"]
[Round "8"]
[White "DavidMarkosyan"]
[Black "swayamsm"]
[Result "0-1"]
[WhiteElo "2476"]
[BlackElo "2450"]
[TimeControl "180+2"]
[EndTime "14:49:03 PDT"]
[Termination "swayamsm won by resignation"]

1. d4 Nf6 2. Bg5 Ne4 3. h4 h6 4. Bf4 d5 5. Nd2 Nxd2 6. Qxd2 Bf5 7. e3 e6 8. Bd3 Bxd3 9. Qxd3 Bd6 10. Bxd6 cxd6 11.
Nf3 Nc6 12. c3 Rb8 13. h5 O-O 14. Rh3 e5 15. Qf5 e4 16. Nd2 Ne7 17. Qf4 f5 18.
Rg3 Kh8 19. Qh4 b5 20. a3 a5 21. f4 Rf6 22. Rh3 Qc7 23. g4 fxg4 24. Qxg4 Nf5 25. Rc1 b4 26. axb4 axb4 27. c4 b3 28. Kd1 Rc8 29.
Rc3 Qa5 30. Nxb3 Qa4 31. c5 dxc5 32. dxc5 Rxc5 33. Rxc5 Qxb3+ 34. Kc1 Nxe3 35. Qc8+ Kh7 36. Rxe3 Qxe3+ 37. Kb1 Qd3+ 38. Ka2 Ra6+ 39. Qxa6 Qxa6+ 40. Kb1 Qd3+ 41. Ka2 e3 42. Rc3 Qxc3 43. bxc3 e2 0-1

[Event "*** MasterClass Titled Tuesday Blitz"]
[Site "Chess.com"]
[Date "2017.08.01"]
[Round "8"]
[White "matej2221"]
[Black "AndrewMcStone"]
[Result "1-0"]
[WhiteElo "2260"]
[BlackElo "2067"]
[TimeControl "180+2"]
[EndTime "14:49:05 PDT"]
[Termination "matej2221 won by resignation"]

1. e4 Nc6 2. Nf3 d6 3. d4 Nf6 4.
Nc3 g6 5. d5 Nb8 6. Be3 Bg7 7.
Be2 O-O 8. O-O e5 9. dxe6 Bxe6 10. Nd4 Bd7 11. f3 Re8 12. Qd2 Nc6 13. Nb3 a5 14. Bh6 a4 15. Nc1 Bh8 16. a3 Qe7 17. Nd3 Nd4 18. Nb4 Nxe2+ 19. Qxe2 Be6 20. Rad1 Ra5 21.
Qd3 Rh5 22. Bf4 Nd7 23. Ncd5 Qd8 24. c3 Ne5 25. Qe2 c6 26. Ne3 Qf6 27. Bg3 Qg7 28.
f4 Nd7 29. f5 gxf5 30. Qxh5 fxe4 31. Rxd6 1-0